 Dungeon Crawl Stone Soup version 0.31-a0-1405-g2bb1a01664 (webtiles) character file.

Game seed: 3973371045913053746

303 BigPumpCobain the Ruffian (level 6, -6/61 HPs)
             Began as a Troll Shapeshifter on Dec 25, 2023.
             Was an Initiate of Hepliaklqana.
             Mangled by an orc warrior
             ... wielding a +0 glaive
              (8 damage)
             ... on level 4 of the Dungeon.
             The game lasted 00:05:00 (2529 turns).

BigPumpCobain the Ruffian (Troll Shapeshifter)      Turns: 2529, Time: 00:05:01

Health: -6/61      AC:  4    Str: 25    XL:     6   Next: 15%
Magic:  5/5        EV:  9    Int:  6    God:    Hepliaklqana [......]
Gold:   79         SH:  0    Dex:  9    Spells: 5/5 levels left

rFire   . .          .
                       - Unarmed
rCold   . . .        (no shield)
rNeg    . . .        a - +0 animal skin
rPois   .            (helmet currently unavailable)
rElec   .            (cloak currently unavailable)
rCorr   .            (gloves unavailable)
SInv    .            (boots unavailable)
Will    .....        (no amulet)
Stlth   +            (no ring)
HPRegen 1.10/turn    (no ring)
MPRegen 0.09/turn

%: no passive effects
@: confused, beast-form
A: beast (slay +2), large, unfitting armour, claws 3, regeneration 1, shaggy fur
1, tough skin 1
a: Begin Untransformation, Renounce Religion


You were on level 4 of the Dungeon.
You worshipped Hepliaklqana.
Hepliaklqana was noncommittal.
You were a hulking beast.
You visited 1 branch of the dungeon, and saw 4 of its levels.

You collected 79 gold pieces.

Inventory:

Armour
 a - a +0 animal skin (worn)
Talismans
 c - a beast talisman
 d - a flux talisman
Scrolls
 f - a scroll of enchant armour {unknown}
 h - a scroll of amnesia {unknown}
 i - 2 scrolls of fear {unknown}
 k - 2 scrolls of identify {unknown}
Potions
 b - a potion of lignification
 e - 4 potions of curing {unknown}
 g - 3 potions of invisibility {unknown}
 j - a potion of haste {unknown}
 l - a potion of degeneration {unknown}
 m - a potion of might {unknown}


   Skills:
 + Level 3.0 Fighting
 - Level 1.5 Dodging
 + Level 4.6 Unarmed Combat
 + Level 4.4 Shapeshifting


You had 5 spell levels left.
You didn't know any spells.
Your spell library contained the following spells:

 Spells                   Type           Power      Damage    Failure   Level
 Inner Flame              Hex/Fire       0%         N/A       83%         3
 Irradiate                Conj/Alch      0%         3d11      100%        5
 Ignition                 Fire           0%         3d3       100%        8


Dungeon Overview and Level Annotations

Branches:
Dungeon (4/15)
 Temple: D:4-7

Altars:
Hepliaklqana

Shops:
D:3 [[(=


Innate Abilities, Weirdness & Mutations

You are a hulking beast.
Your limbs bulge with bestial killing power. (Slay +2)
You are too large for most types of armour.
You have claws for hands.
Your natural rate of healing is unusually fast.
You are covered in fur. (AC +1)
You have tough skin. (AC +1)


Message History

Items here: ( )) [ ÷.
You start resting.
HP restored.
You climb downwards.
There is a stone staircase leading up, spattered with blood here.
Okay, then.
Okay, then.
The orc wizard points at you and mumbles some strange words.
The puff of flame hits you!
The orc warrior hits you with a +0 glaive!
You claw the orc warrior!
The orc warrior is moderately wounded.
The orc wizard mumbles some strange words.
The orc wizard flickers and vanishes!
Deactivating autopickup; reactivate with Ctrl-A.
The orc warrior hits you with a +0 glaive!!
You claw the orc warrior!
The orc warrior is almost dead.
The orc warrior closely misses you.
You barely miss the orc warrior.
The orc warrior is almost dead.
The orc priest calls upon Beogh to heal the orc warrior.
The orc warrior is healed somewhat.
Something hits you.
You scratch the orc warrior. You claw the orc warrior.
The orc warrior is almost dead.
The orc warrior hits you with a +0 glaive!!
* * * LOW HITPOINT WARNING * * *
You hear some strange, mumbled words.
You are confused.
The orc warrior hits you from afar with a +0 glaive!
* * * LOW HITPOINT WARNING * * *
The orc priest looks encouraged for a moment.
The orc warrior barely misses you.
The orc priest miscasts a cantrip.
The orc warrior attacks as it pursues you!
The orc warrior barely misses you.
You're too confused to move!
Something hits you.
* * * LOW HITPOINT WARNING * * *
The orc warrior hits you from afar with a +0 glaive!
You die...

.........# ..
.........# #...
#........## ...#
##........# #..#
##......## #..#
##...<..#######..#
##.......o.....#
#..........o...#
##..##########h.#
#..## #..# ##..#
##..# #..## ..#
##.## ..# #..#
######## ### #.##
#♣.♣≈≈≈## #.### ..#
###♣...♣≈≈≈# ##...#
.##
#.'.._.8≈≈≈###.....


You could see an orc warrior and an orc priest.

Vanquished Creatures
  A howler monkey (D:3)
  An iguana (D:4)
  3 orc wizards (D:3)
  3 gnolls
  7 adders
  A worm (D:3)
  2 dart slugs
  6 orcs (D:3)
  6 endoplasms
  3 giant cockroaches
  6 goblins
  4 hobgoblins
  7 kobolds
  A quokka (D:1)
  5 ball pythons
  5 bats
  5 frilled lizards
  4 rats
70 creatures vanquished.

Notes
Turn   | Place    | Note
-------+----------+-------------------------------------------
     0 | D:1      | BigPumpCobain the Troll Shapeshifter began the quest for
                  | the Orb.
     0 | D:1      | Reached XP level 1. HP: 18/18 MP: 0/0
    77 | D:1      | Reached skill level 1 in Fighting
   104 | D:1      | Reached XP level 2. HP: 27/27 MP: 1/1
   450 | D:2      | Reached XP level 3. HP: 33/33 MP: 2/2
   562 | D:2      | Found a faded altar of an unknown god.
   574 | D:2      | Reached XP level 4. HP: 37/42 MP: 3/3
  1254 | D:3      | Found Hauvuxzu's Antique Armour Shoppe.
  1284 | D:3      | Found Cojisk's Weapon Boutique.
  1315 | D:3      | HP: 2/42 [gnoll/+0 halberd (10)]
  1542 | D:3      | Found Edeh's Armour Shoppe.
  1571 | D:3      | Reached XP level 5. HP: 36/50 MP: 4/4
  1814 | D:3      | Found Ilunaps's Jewellery Shoppe.
  2153 | D:4      | Found a hazy altar of Hepliaklqana.
  2294 | D:4      | Became a worshipper of Hepliaklqana the Forgotten
  2362 | D:4      | Noticed an orc warrior
  2431 | D:3      | Reached XP level 6. HP: 26/61 MP: 5/5
  2526 | D:4      | HP: 1/61 [orc warrior/+0 glaive (7)]
  2529 | D:4      | Mangled by an orc warrior

Illustrated notes

Levels and vault maps discovered:
D:1:      dpeg_arrival_radiant, layout_basic
D:2:      layout_basic, nicolae_ecumenical_snake_handling, serial_bayou_lagoon_a
D:3:      layout_basic, serial_shops, shop, nicolae_shop_hallway_stairs,
          nicolae_shop_tiny_waterfront, nicolae_shop_stone
D:4:      minmay_chambers_of_twos, layout_cave_pods,
          worldfamousw_hep_ancestral_shrine, uniq_menkaure

Skill      XL: |  1  2  3  4  5 |
---------------+----------------+-----
Fighting       | 1 2 3 |  3.0
Unarmed Combat | 4 |  4.6
Shapeshifting  | 4 |  4.4
Dodging        | |  1.5

Action                     |  1- 3 |  4- 6 || total
---------------------------+-------+-------++-------
  Melee: Unarmed           |    64 |    84 ||   148
         Punch             |       |     2 ||     2
 Armour: Animal skin       |    52 |   103 ||   155
  Dodge: Dodged            |    29 |    47 ||    76

Table legend: (Time is in decaauts)
 A = Elapsed time spent in this place.
 B = Non-inter-level travel time spent in this place.
 C = Inter-level travel time spent in this place.
 D = Time resting spent in this place.
 E = Time spent auto-exploring this place.
 F = Levels seen in this place.
 G = Mean time per level.
                   A        B        C        D        E       F      G
               +--------+--------+--------+--------+--------+-----+--------+
         Total |   2524 |   2390 |    134 |    134 |   1776 |   4 |  631.0 |
       Dungeon |   2524 |   2390 |    134 |    134 |   1776 |   4 |  631.0 |
               +--------+--------+--------+--------+--------+-----+--------+

Top non-repeatable levels by time:
     D:3: 893 daAuts
     D:2: 809 daAuts
     D:4: 438 daAuts
     D:1: 383 daAuts
